 Dungeon Crawl Stone Soup version 0.22.0-32-gbc6daba (webtiles) character file.

6560 Wesco the Thaumaturge (level 10, -9/81 HPs)
             Began as a Demigod Earth Elementalist on Aug 23, 2018.
             Mangled by a yak (14 damage)
             ... on level 9 of the Dungeon.
             The game lasted 01:53:01 (11956 turns).

Wesco the Thaumaturge (Demigod Earth Elementalist) Turns: 11956, Time: 01:53:02

Health: -9/81      AC: 10    Str: 13    XL:     10   Next: 43%
Magic:  3/26       EV: 14    Int: 23    God:
Gold:   522        SH:  5    Dex: 16    Spells: 12/25 levels left

rFire    . . .     SeeInvis .   E - +2 mace (protect)
rCold    . . .     Gourm    .   (no shield)
rNeg     . . .     Faith    .   c - +1 robe
rPois    .         Spirit   .   n - +1 helmet
rElec    .         Reflect  +   k - +1 cloak
rCorr    +         Harm     .   d - +1 pair of gloves
MR       +....                  J - +0 pair of boots
Stlth    ++........             y - +5 amulet of reflection
HPRegen  0.23/turn              p - ring of resist corrosion
MPRegen  0.20/turn              (no ring)

@: no status effects
A: high mp 1, mutation resistance 1
a: no special abilities


You were on level 9 of the Dungeon.
You were not hungry.

You visited 1 branch of the dungeon, and saw 9 of its levels.

You collected 522 gold pieces.

Inventory:

Hand Weapons
 f - a +0 shortbow
 h - a +2 mace
 i - a +0 hunting sling
 q - a +0 mace of protection
 r - a +3 quarterstaff of chaos
 t - the +3 short sword "Ogreslayer" {venom, +Blink}
   (You found it on level 6 of the Dungeon)

   It poisons the flesh of those it strikes.
   It lets you blink.
 w - a +3 hand axe
 A - a +0 quarterstaff of protection
 D - a +0 dire flail
 E - a +2 mace of protection (weapon)
 G - a +1 vampiric whip
Missiles
 b - 4 stones (quivered)
 e - 17 poisoned needles
 l - 9 javelins
 o - 96 arrows
 L - 59 sling bullets
Armour
 c - a +1 robe (worn)
 d - a +1 pair of gloves (worn)
 k - a +1 cloak (worn)
 n - a +1 helmet (worn)
 J - a +0 pair of boots (worn)
Jewellery
 p - a ring of resist corrosion (left hand)
 v - a +2 ring of protection {unknown}
 y - a +5 amulet of reflection (around neck)
Wands
 a - a wand of iceblast (3)
 g - a wand of polymorph (29)
 s - a wand of flame (12)
 u - a wand of digging (10)
 I - a wand of random effects (22)
Scrolls
 j - 2 scrolls of remove curse
 m - 6 scrolls of identify
 C - a scroll of magic mapping
 F - 2 scrolls of amnesia
Potions
 z - a potion of cancellation
 B - a potion of agility
 H - a potion of curing
Comestibles
 x - 3 rations


   Skills:
 * Level 5.1 Fighting
 - Level 1.9(5.1) Axes
 * Level 7.6(7.8) Maces & Flails
 + Level 4.3 Dodging
 - Level 1.7 Stealth
 * Level 8.4 Spellcasting
 + Level 2.1 Conjurations
 + Level 1.5 Transmutations
 + Level 5.8 Earth Magic
 + Level 1.0 Evocations


You had 12 spell levels left.
You knew the following spells:

 Your Spells              Type           Power        Failure   Level  Hunger
a - Sandblast             Erth           #####.       1%          1    None
c - Stone Arrow           Conj/Erth      ####..       3%          3    None
d - Petrify               Tmut/Erth      ####....     14%         4    ##.....
e - Lee's Rapid Deconstr  Erth           #####.....   17%         5    #####..

Your spell library contained the following spells:

 Spells                   Type           Power        Failure   Level  Hunger
 Passwall                 Tmut/Erth      ####....     2%          2    None


Dungeon Overview and Level Annotations

Branches:
Dungeon (9/15)             Temple (0/1) D:5            Lair (0/6) D:9
    Orc (0/2) D:9


Innate Abilities, Weirdness & Mutations

You have an increased reservoir of magic. (+10% MP)
You are somewhat resistant to further mutation.


Message History

The scorpion is lightly wounded.
The yak gores you but does no damage. x2; The scorpion closely misses you.
You barely miss the yak.
The yak is heavily wounded.
The yak gores you but does no damage. The yak misses you.
The scorpion stings you but does no damage.
The yak gores you.
* * * LOW HITPOINT WARNING * * *
The yak gores you but does no damage.
Casting: Stone Arrow (safe; 3% risk of failure)
Confirm with . or Enter, or press ? or * to list all spells.
Aiming: Stone Arrow (safe; 3% risk of failure)
Press: ? - help, Shift-Dir - straight line, f - yak, p - scorpion
Aim: a yak (moderately wounded)
The stone arrow misses the yak.
The stone arrow hits the yak.
The yak is severely wounded.
You block the yak's attack.
Your magical contamination has completely faded away.
The yak gores you!
You die...

####################
...................#
...#........###..#.#
...#.....#.........#
...#.......#####...#
#.....#.########.#.#
#.###...#8...8##...#
#.# #...#.....##)..#
#.# #...#..>..##@..#
#.# #.#.#.....##Y..#
#.# #...#8...8##sY.#
#.# #...###'####...#
#.# #.#....))....#.#
*,* #.#.#######....#
*,* #......# ##...#
#.* #....#.# #.#.#
#.* #.#....# #...#


You could see 2 yaks and a scorpion.

Vanquished Creatures
  A troll (D:9)
  2 hippogriffs
  A hungry ghost (D:3)
  A wyvern (D:9)
  A yak (D:9)
  A water moccasin (D:6)
  Duvessa (D:6)
  7 orc warriors
  5 sky beasts
  2 ice beasts
  2 black bears
  2 phantoms
  9 ogres
  A centaur (D:7)
  5 big kobolds
  7 bullfrogs
  Blork the orc (D:6)
  Dowan (D:6)
  A water moccasin skeleton (D:9)
  3 scorpions
  4 killer bees (D:7)
  A howler monkey (D:8)
  3 crimson imps
  Crazy Yiuf (D:3)
  2 jellies
  9 orc priests
  3 hounds
  7 orc wizards
  Ijyb (D:3)
  A bullfrog skeleton (D:6)
  A centaur skeleton (D:4)
  Natasha (thrice) (D:4)
  2 iguanas
  8 worker ants
  A hound zombie (D:7)
  Robin (D:2)
  A worker ant zombie (D:9)
  9 adders
  6 gnolls
  3 shadow imps
  2 oozes
  An adder zombie (D:9)
  An adder skeleton (D:6)
  A worm (D:3)
  3 dart slugs
  2 leopard geckos
  16 orcs
  7 giant cockroaches
  11 goblins
  10 hobgoblins
  7 jackals
  12 kobolds
  A quokka (D:9)
  2 ball pythons
  7 bats
  6 frilled lizards
  A goblin zombie (D:5)
  A jackal skeleton (D:4)
  A quokka skeleton (D:4)
  A quokka zombie (D:6)
  5 rats
  A rat zombie (D:5)
  2 fungi (D:9)
222 creatures vanquished.

Vanquished Creatures (others)
  A centaur (D:6)
  14 fungi (D:9)
  7 plants (D:9)
22 creatures vanquished.

Grand Total: 244 creatures vanquished

Notes
Turn   | Place    | Note
-------+----------+-------------------------------------------
     0 | D:1      | Wesco the Demigod Earth Elementalist began the quest for the Orb.
     0 | D:1      | Reached XP level 1. HP: 14/14 MP: 5/5
   109 | D:1      | Reached skill level 2 in Spellcasting
   140 | D:1      | Reached XP level 2. HP: 16/20 MP: 5/7
   331 | D:1      | Learned a level 2 spell: Passwall
   599 | D:1      | Gained mutation: You have a pair of small horns on your head. [potion of mutation]
   599 | D:1      | Gained mutation: You are occasionally teleported next to monsters. [potion of mutation]
   599 | D:1      | Gained mutation: You are somewhat resistant to further mutation. [potion of mutation]
   818 | D:1      | Reached skill level 1 in Fighting
  1148 | D:2      | Lost mutation: You have a pair of small horns on your head. [potion of mutation]
  1148 | D:2      | Lost mutation: You are somewhat resistant to further mutation. [potion of mutation]
  1148 | D:2      | Gained mutation: You are frail. (-10% HP) [potion of mutation]
  1148 | D:2      | Gained mutation: Scrolls take you a little longer to read. [potion of mutation]
  1148 | D:2      | Gained mutation: You are somewhat resistant to further mutation. [potion of mutation]
  1175 | D:2      | Reached XP level 3. HP: 24/25 MP: 9/9
  1181 | D:2      | Learned a level 3 spell: Stone Arrow
  1237 | D:2      | Noticed Robin
  1247 | D:2      | Killed Robin
  1247 | D:2      | Reached skill level 1 in Maces & Flails
  1647 | D:2      | Lost mutation: You are frail. (-10% HP) [potion of mutation]
  1647 | D:2      | Lost mutation: Scrolls take you a little longer to read. [potion of mutation]
  1647 | D:2      | Lost mutation: You are occasionally teleported next to monsters. [potion of mutation]
  1854 | D:3      | Found a radiant altar of Vehumet.
  1993 | D:3      | Found a faded altar of an unknown god.
  1994 | D:3      | Found a sacrificial altar of Ru.
  2083 | D:3      | Found a runed door.
  2087 | D:3      | Noticed Crazy Yiuf
  2098 | D:3      | Killed Crazy Yiuf
  2098 | D:3      | Reached XP level 4. HP: 24/35 MP: 4/10
  2382 | D:3      | Found a basalt altar of Yredelemnul.
  2385 | D:3      | Noticed Ijyb
  2401 | D:3      | Killed Ijyb
  2767 | D:3      | Found a white marble altar of Elyvilon.
  3080 | D:3      | Found a glowing golden altar of the Shining One.
  3080 | D:3      | Found a burning altar of Makhleb.
  3081 | D:3      | Noticed a hungry ghost
  3104 | D:3      | Killed a hungry ghost
  3104 | D:3      | Reached skill level 3 in Spellcasting
  3104 | D:3      | Reached XP level 5. HP: 32/41 MP: 13/13
  3245 | D:3      | Learned a level 4 spell: Petrify
  3313 | D:3      | Reached XP level 6. HP: 48/48 MP: 12/14
  3936 | D:4      | Noticed Natasha
  3940 | D:4      | Found a hazy altar of Hepliaklqana.
  3946 | D:4      | Killed Natasha
  4031 | D:4      | Found an ancient bone altar of Kikubaaqudgha.
  4311 | D:4      | Reached skill level 4 in Spellcasting
  4536 | D:4      | Reached skill level 1 in Transmutations
  4611 | D:4      | Noticed Natasha
  4621 | D:4      | Killed Natasha
  4818 | D:4      | Noticed Natasha
  4831 | D:4      | Killed Natasha
  5288 | D:5      | Entered Level 5 of the Dungeon
  5324 | D:5      | Reached XP level 7. HP: 55/55 MP: 10/16
  5520 | D:5      | Found a staircase to the Ecumenical Temple.
  6044 | D:5      | Found an iron altar of Okawaru.
  6112 | D:5      | Reached skill level 5 in Spellcasting
  6130 | D:5      | Found a snail-covered altar of Cheibriados.
  6472 | D:5      | Learned a level 5 spell: Lee's Rapid Deconstruction
  6653 | D:6      | Reached XP level 8. HP: 45/62 MP: 14/19
  6886 | D:6      | Noticed Dowan
  6897 | D:6      | Noticed a hand axe
  6897 | D:6      | Noticed a hand axe
  6912 | D:6      | Noticed Duvessa
  6937 | D:6      | Killed Duvessa
  6941 | D:6      | Killed Dowan
  7008 | D:6      | Reached skill level 5 in Maces & Flails
  7172 | D:6      | Found an opulent altar of Gozag.
  7186 | D:6      | Reached skill level 6 in Spellcasting
  7186 | D:6      | Reached skill level 1 in Conjurations
  7295 | D:6      | Got a jewelled short sword
  7301 | D:6      | Identified the cursed +3 short sword "Ogreslayer" {venom, +Blink} (You found it on level 6 of the Dungeon)
  7811 | D:6      | Reached skill level 5 in Earth Magic
  7863 | D:6      | Found a hide-covered altar of Uskayaw.
  7872 | D:6      | Noticed Blork the orc
  7875 | D:6      | Killed Blork the orc
  8334 | D:7      | Reached XP level 9. HP: 41/71 MP: 18/23
  8346 | D:7      | Reached skill level 1 in Axes
  8457 | D:7      | Reached skill level 7 in Spellcasting
 10553 | D:9      | Found an ornate altar of the Wu Jian Council.
 10970 | D:9      | Reached XP level 10. HP: 80/80 MP: 10/25
 11052 | D:9      | Reached skill level 1 in Evocations
 11095 | D:9      | Reached skill level 8 in Spellcasting
 11502 | D:9      | Reached skill level 5 in Fighting
 11867 | D:9      | Found a staircase to the Lair.
 11894 | D:9      | Found a staircase to the Orcish Mines.
 11937 | D:9      | HP: 1/81 [yak (5)]
 11956 | D:9      | Mangled by a yak

Skill      XL: |  1  2  3  4  5  6  7  8  9 10 |
---------------+-------------------------------+-----
Spellcasting   | 2 3 4 5 6 7 8 |  8.4
Earth Magic    | 3 4 5 |  5.8
Fighting       | 1 2 3 4 5 |  5.1
Maces & Flails | 1 2 3 4 5 6 7 |  7.6
Dodging        | 2 3 4 |  4.3
Transmutations | 1 |  1.5
Conjurations   | 1 2 |  2.1
Axes           | 1 |  1.9
Evocations     | 1 |  1.0
Stealth        | |  1.7

Action                   |  1- 3 |  4- 6 |  7- 9 | 10-12 || total
-------------------------+-------+-------+-------+-------++-------
Melee: Mace              |    61 |    90 |   270 |   153 ||   574
       Unarmed           |     4 |       |       |       ||     4
       Hand axe          |       |       |    68 |       ||    68
 Cast: Sandblast         |    34 |    44 |    84 |     1 ||   163
       Stone Arrow       |     4 |    15 |    53 |    54 ||   126
       Petrify           |       |     2 |     1 |       ||     3
       Lee's Rapid Decon |       |       |     1 |       ||     1
Evoke: Wand              |       |       |    11 |     2 ||    13
  Use: Scroll            |    11 |     3 |     9 |     2 ||    25
       Potion            |     3 |     3 |     9 |     2 ||    17
 Stab: Sleeping          |     2 |       |     3 |       ||     5
       Petrified         |       |     3 |       |       ||     3
       Distracted        |       |       |     1 |       ||     1
  Eat: Chunk             |     4 |     4 |     9 |       ||    17
       Ration            |       |     5 |     3 |     1 ||     9
Armor: Robe              |    19 |    31 |   130 |    43 ||   223
Dodge: Dodged            |    53 |    59 |   218 |    74 ||   404
Block: Other             |       |       |    70 |    31 ||   101
       Reflection        |       |       |     2 |     1 ||     3
